 Dungeon Crawl Stone Soup version 0.27-a0-1193-g8631133539 (webtiles) character file.

Game seed: 4283935569206768681

339 wakim the Insei (level 6, -5/38 HPs)
             Began as an Octopode Transmuter on May 26, 2021.
             Killed from afar by Grinder (11 damage)
             ... with a puff of flame
             ... on level 3 of the Dungeon.
             The game lasted 00:08:49 (3715 turns).

wakim the Insei (Octopode Transmuter)               Turns: 3715, Time: 00:08:50

Health: -5/38      AC:  1    Str: 10    XL:     6   Next: 55%
Magic:  9/9        EV: 13    Int: 15    God:
Gold:   78         SH:  0    Dex: 14    Spells: 5/9 levels left

rFire    . . .     SeeInvis .     - Unarmed
rCold    . . .     Faith    .   (no shield)
rNeg     . . .     Spirit   .   (helmet restricted)
rPois    +         Reflect  .   (no amulet)
rElec    .         Harm     .   b - ring of poison resistance
rCorr    .         Rampage  .   (no ring)
Will     .....                  (no ring)
Stlth    +++.......             (no ring)
HPRegen  0.12/turn              (no ring)
MPRegen  0.11/turn              (no ring)
                                (no ring)
                                (no ring)

@: no status effects
A: almost no armour, amphibious, 8 rings, camouflage 1, gelatinous body 1,
(nimble swimmer 1), tentacles
a: no special abilities


You were on level 3 of the Dungeon.
You visited 1 branch of the dungeon, and saw 3 of its levels.

You collected 78 gold pieces.

Inventory:

Jewellery
 b - a ring of poison resistance (left tentacle)
Scrolls
 d - a scroll of noise {unknown}
Potions
 a - a potion of flight {unknown}
 c - a potion of cancellation {unknown}
 e - a potion of degeneration {unknown}


   Skills:
 - Level 1.0 Fighting
 - Level 2.0 Dodging
 - Level 3.0 Stealth
 * Level 5.5 Unarmed Combat
 - Level 2.0 Spellcasting
 * Level 4.3 Transmutations


You had 5 spell levels left.
You knew the following spells:

 Your Spells              Type           Power      Damage    Failure   Level
a - Beastly Appendage     Tmut           28%        N/A       3%          1
x - Spider Form           Tmut/Pois      3%         N/A       28%         3

Your spell library contained the following spells:

 Spells                   Type           Power      Damage    Failure   Level
 Wereblood                Tmut           14%        N/A       6%          2
 Ice Form                 Ice/Tmut       7%         N/A       67%         4
 Hydra Form               Tmut           7%         N/A       71%         5


Dungeon Overview and Level Annotations

Branches:
Dungeon (3/15)

Altars:

Annotations:
D:3 Grinder


Innate Abilities, Weirdness & Mutations

You cannot wear most types of armour.
You are amphibious.
You can wear up to eight rings at the same time.
Your skin changes colour to match your surroundings (Stealth+).
Your rubbery body absorbs attacks. (AC +1, EV +1)
((You are camouflaged near water. (Stealth+)))
You have tentacles for arms and can constrict up to eight enemies at once.


Message History

A jackal is nearby!
A jackal comes into view.
Casting: Spider Form (quite dangerous; 28% risk of failure)
Confirm with . or Enter, or press ? or * to list all spells.
One of your tentacles grows a vicious spike.
The jackal barks!
You hear an angry hiss.
The jackal barks!
You tentacle-slap the jackal.
You kill the jackal!
You see here a jackal corpse.
The jackal barely misses you. The jackal bites you.
The jackal closely misses you. The jackal bites you. The jackal misses you.
The adder bites you.
* * * LOW HITPOINT WARNING * * *
You see here a jackal corpse.
You tentacle-slap the adder. Your grab misses the adder. You squeeze the adder!
You kill the adder!
You closely miss the jackal. Your grab misses the jackal.
You pierce the jackal, but do no damage.
The jackal bites you.
* * * LOW HITPOINT WARNING * * *
The jackal bites you.
* * * LOW HITPOINT WARNING * * *
You tentacle-slap the jackal. You grab the jackal.
You pierce the jackal, but do no damage.
You squeeze the jackal.
You kill the jackal!
You start resting.
Grinder is nearby!
Your transformation is almost over.
Grinder shouts!
Your tentacle spike disappears.
Grinder blinks!
Grinder zaps a wand.
The puff of flame hits you!
* * * LOW HITPOINT WARNING * * *
Grinder zaps a wand.
The puff of flame hits you!
You die...

.†#.#.(.###...#.........# ....
.#...#..#..#5...........# ....
#..5..###...#...........# ##..##.
#.....#..#..............##...# ##
#.....#...#................# #.
.#...#.#.................#### #.
..#.#..§#.....#.............####.
................#..########......
................@.## ######.
#################.# #. ### #. ##


You could see Grinder.

Vanquished Creatures
  Sigmund (D:3)
  A bullfrog skeleton (D:2)
  Robin (D:3)
  2 gnolls (D:1)
  5 adders
  3 worms
  5 ball pythons
  A bat (D:2)
  6 endoplasms
  4 giant cockroaches
  13 goblins
  6 hobgoblins
  6 jackals
  A quokka (D:2)
  4 frilled lizards
  5 kobolds
  6 rats
70 creatures vanquished.

Notes
Turn   | Place    | Note
-------+----------+-------------------------------------------
     0 | D:1      | wakim the Octopode Transmuter began the quest for the Orb.
     0 | D:1      | Reached XP level 1. HP: 13/13 MP: 3/3
    32 | D:1      | Reached skill level 1 in Stealth
    32 | D:1      | Reached XP level 2. HP: 11/18 MP: 3/5
   724 | D:1      | Reached XP level 3. HP: 8/23 MP: 4/6
  1647 | D:1      | Learned a level 3 spell: Spider Form
  1657 | D:2      | Reached skill level 4 in Unarmed Combat
  1846 | D:2      | Reached XP level 4. HP: 24/28 MP: 7/7
  2693 | D:2      | Found a faded altar of an unknown god.
  3110 | D:3      | Reached XP level 5. HP: 20/33 MP: 2/8
  3298 | D:3      | Noticed Sigmund
  3341 | D:3      | Noticed Robin
  3384 | D:3      | Killed Robin
  3399 | D:3      | Noticed Grinder
  3633 | D:3      | Killed Sigmund
  3634 | D:3      | Reached skill level 5 in Unarmed Combat
  3634 | D:3      | Reached XP level 6. HP: 18/38 MP: 6/9
  3715 | D:3      | Killed from afar by Grinder

Illustrated notes

Levels and vault maps discovered:
D:1:      minmay_arrival_three_doors, layout_loops_ring, serial_forest,
          infiniplex_forest_clump_long, infiniplex_forest_end_1,
          infiniplex_forest_lined_2, infiniplex_forest_lined_corner,
          infiniplex_forest_end_double, infiniplex_forest_lined_2,
          infiniplex_forest_clump_C, infiniplex_forest_straight_3,
          grunt_decor_arrowhead, minmay_cupped
D:2:      layout_loops_ring, shapermc_ecumenical_altar_notcrosses
D:3:      minmay_evil_eye, layout_rooms, minivault_24, minmay_splitting_lines,
          uniq_grinder, uniq_sigmund, uniq_robin

Skill      XL: |  1  2  3  4  5 |
---------------+----------------+-----
Stealth        | 1 2 3 |  3.0
Unarmed Combat | 4 5 |  5.5
Transmutations | 4 |  4.3
Fighting       | |  1.0
Dodging        | |  2.0
Spellcasting   | |  2.0

Action                   |  1- 3 |  4- 6 || total
-------------------------+-------+-------++-------
Melee: Unarmed           |    64 |    97 ||   161
       Kick              |    15 |    15 ||    30
       Constrict         |    19 |    15 ||    34
       Tentacles         |    10 |     8 ||    18
       Punch             |     3 |     1 ||     4
 Cast: Beastly Appendage |    11 |    18 ||    29
       Spider Form       |       |     4 ||     4
  Use: Scroll            |     2 |     2 ||     4
 Stab: Sleeping          |     7 |     8 ||    15
Armor: Skin              |     2 |     4 ||     6
Dodge: Dodged            |    44 |    52 ||    96

Table legend: (Time is in decaauts)
 A = Elapsed time spent in this place.
 B = Non-inter-level travel time spent in this place.
 C = Inter-level travel time spent in this place.
 D = Time resting spent in this place.
 E = Time spent auto-exploring this place.
 F = Levels seen in this place.
 G = Mean time per level.
                   A        B        C        D        E       F      G
               +--------+--------+--------+--------+--------+-----+--------+
         Total |   3705 |   3658 |     47 |    490 |   2358 |   3 | 1235.0 |
       Dungeon |   3705 |   3658 |     47 |    490 |   2358 |   3 | 1235.0 |
               +--------+--------+--------+--------+--------+-----+--------+

Top non-repeatable levels by time:
     D:1: 1621 daAuts
     D:2: 1462 daAuts
     D:3: 621 daAuts
